 Dungeon Crawl Stone Soup version 0.24-a0-778-g74da537585 (webtiles) character file.

Game seed: 13732500752522235669, levelgen mode: deterministic

84 MrRokkomies the Vexing (level 4, -1/34 HPs)
             Began as a Gnoll Arcane Marksman on Oct 7, 2019.
             Killed by nerve-wracking pain
             ... invoked by an orc priest
              (12 damage)
             ... on level 3 of the Dungeon.
             The game lasted 00:06:44 (2161 turns).

MrRokkomies the Vexing (Gnoll Arcane Marksman)      Turns: 2161, Time: 00:06:45

Health: -1/34      AC:  3    Str: 13    XL:     4   Next: 46%
Magic:  8/8        EV: 14    Int: 15    God:
Gold:   78         SH:  0    Dex: 16    Spells: 2/9 levels left

rFire    . . .     SeeInvis .   b - +0 dagger (venom)
rCold    . . .     Gourm    +   (no shield)
rNeg     . . .     Faith    .   c - +0 leather armour
rPois    .         Spirit   .   (no helmet)
rElec    .         Reflect  .   (no cloak)
rCorr    .         Harm     .   (no gloves)
MR       .....                  (no boots)
Stlth    ++........             i - amulet of the gourmand
HPRegen  0.11/turn              (no ring)
MPRegen  0.11/turn              (no ring)

@: no status effects
A: distributed training, fangs 1, strong nose
a: no special abilities


You were on level 3 of the Dungeon.
You were not hungry.

You visited 1 branch of the dungeon, and saw 3 of its levels.

You collected 78 gold pieces.

Inventory:

Hand Weapons
 a - a +0 hand crossbow
 b - a +0 dagger of venom (weapon)
Missiles
 d - 19 bolts
 h - 29 poisoned darts (quivered)
Armour
 c - a +0 leather armour (worn)
 e - a +0 robe
Jewellery
 i - an amulet of the gourmand (around neck)
Wands
 l - a wand of iceblast (6)
Scrolls
 g - 3 scrolls of identify
Potions
 m - 2 potions of flight {unknown}
Comestibles
 f - 3 rations


   Skills:
 + Level 2.7 Fighting
 + Level 1.1 Short Blades
 + Level 1.1 Long Blades
 + Level 1.1 Axes
 + Level 1.1 Maces & Flails
 + Level 1.1 Polearms
 + Level 1.1 Staves
 + Level 1.1 Slings
 + Level 1.1 Bows
 + Level 4.6 Crossbows
 + Level 1.1 Throwing
 + Level 1.1 Armour
 + Level 4.6 Dodging
 + Level 1.1 Stealth
 + Level 1.1 Shields
 + Level 1.1 Unarmed Combat
 + Level 3.0 Spellcasting
 + Level 0.9 Conjurations
 + Level 5.4 Hexes
 + Level 0.9 Charms
 + Level 0.9 Summonings
 + Level 0.9 Necromancy
 + Level 0.9 Translocations
 + Level 0.9 Transmutations
 + Level 0.9 Fire Magic
 + Level 0.9 Ice Magic
 + Level 0.9 Air Magic
 + Level 0.9 Earth Magic
 + Level 0.9 Poison Magic
 + Level 1.2 Invocations
 + Level 1.1 Evocations


You had 2 spell levels left.
You knew the following spells:

 Your Spells              Type           Power        Failure   Level  Hunger
a - Corona                Hex            ###....      2%          1    #......
b - Portal Projectile     Hex/Tloc       ##....       21%         3    ###....
c - Inner Flame           Hex/Fire       ##......     21%         3    ###....

Your spell library contained the following spells:

 Spells                   Type           Power        Failure   Level  Hunger
 Slow                     Hex            ###.....     4%          2    ##.....
 Cause Fear               Hex            ###.......   26%         4    #####..
 Leda's Liquefaction      Hex/Erth       ##........   56%         4    #####..


Dungeon Overview and Level Annotations

Branches:
Dungeon (3/15)

Altars:
Ashenzari


Innate Abilities, Weirdness & Mutations

Your experience applies equally to all skills.
You have very sharp teeth.
Your uncanny sense of smell can sniff out nearby items.


Message History

The orc shouts! x2; The hobgoblin shouts!
The orc priest miscasts a cantrip.
The hobgoblin closely misses you.
You hear a shout!
You hit the hobgoblin.
The hobgoblin is poisoned.
The hobgoblin is severely wounded.
The hobgoblin closely misses you.
You hit the hobgoblin.
You kill the hobgoblin!
You see here a +0 club.
You start resting.
An ogre comes into view. It is wielding a +0 giant spiked club.
The orc priest mumbles some strange prayers to Beogh against you.
Beogh smites you! The orc priest closely misses you.
You hit the orc priest. Your bite misses the orc priest.
The orc priest is lightly wounded.
The orc priest calls down the wrath of Beogh upon you.
Pain shoots through your body!
You die...

∆ ∆ ############ .##
#.# ##.#........!..
.... #.#
........o...... ....
... #@#..######. ..#..
#o#oo...?...# .#.#
#)#..#####..# ...
#....#......####..
∆#O...#...#.....†..
#.#.##...#.##..##<
...#⌠.##+#..⌠...###
.....#.........#.....
....#####......%####..#


You could see an ogre, an orc priest and an orc.

Vanquished Creatures
  An iguana (D:3)
  An adder (D:3)
  A leopard gecko (D:1)
  7 bats
  2 giant cockroaches (D:1)
  9 hobgoblins
  6 kobolds
  2 quokkas
  3 frilled lizards
  6 goblins
  7 rats
45 creatures vanquished.

Notes
Turn   | Place    | Note
-------+----------+-------------------------------------------
     0 | D:1      | MrRokkomies the Gnoll Arcane Marksman began the quest for
                  | the Orb.
     0 | D:1      | Reached XP level 1. HP: 17/17 MP: 4/4
   172 | D:1      | Reached XP level 2. HP: 19/23 MP: 5/5
  1045 | D:1      | Reached XP level 3. HP: 10/28 MP: 7/7
  1527 | D:2      | Learned a level 3 spell: Portal Projectile
  1531 | D:2      | Learned a level 3 spell: Inner Flame
  1612 | D:2      | Reached skill level 1 in Invocations
  2118 | D:3      | Found a shattered altar of Ashenzari.
  2125 | D:3      | Reached skill level 1 in Short Blades
  2125 | D:3      | Reached skill level 1 in Long Blades
  2125 | D:3      | Reached skill level 1 in Axes
  2125 | D:3      | Reached skill level 1 in Maces & Flails
  2125 | D:3      | Reached skill level 1 in Polearms
  2125 | D:3      | Reached skill level 1 in Staves
  2125 | D:3      | Reached skill level 1 in Slings
  2125 | D:3      | Reached skill level 1 in Bows
  2125 | D:3      | Reached skill level 1 in Throwing
  2125 | D:3      | Reached skill level 1 in Armour
  2125 | D:3      | Reached skill level 1 in Stealth
  2125 | D:3      | Reached skill level 1 in Shields
  2125 | D:3      | Reached skill level 1 in Unarmed Combat
  2125 | D:3      | Reached skill level 1 in Evocations
  2125 | D:3      | Reached XP level 4. HP: 32/34 MP: 8/8
  2158 | D:3      | Noticed an ogre
  2161 | D:3      | Killed from afar by an orc priest

Levels and vault maps discovered:
D:1:      arrival_zaba_pyramid, layout_basic, serial_glass, glass_columns_a,
          glass_columns_a, st_stairs_5, chequers_serial_rivers_micro_b,
          feat_on_display
D:2:      layout_rooms, first_ration, serial_rivers,
          chequers_serial_rivers_room_a, chequers_serial_rivers_micro_e,
          chequers_serial_rivers_micro_d, chequers_serial_rivers_micro_e
D:3:      layout_basic, evilmike_ruin_ashenzari, kiku_gazebo_pond_becter,
          chequers_ecumenical_altar_simple_redux, dk_vineyard_2,
          kennysheep_generic_room_7, uniq_jessica, uniq_ijyb

Skill      XL: |  1  2  3  4 |
---------------+-------------+-----
Invocations    | 1 |  1.2
Short Blades   | 1 |  1.1
Long Blades    | 1 |  1.1
Axes           | 1 |  1.1
Maces & Flails | 1 |  1.1
Polearms       | 1 |  1.1
Staves         | 1 |  1.1
Slings         | 1 |  1.1
Bows           | 1 |  1.1
Throwing       | 1 |  1.1
Armour         | 1 |  1.1
Stealth        | 1 |  1.1
Shields        | 1 |  1.1
Unarmed Combat | 1 |  1.1
Evocations     | 1 |  1.1
Spellcasting   | 3 |  3.0
Fighting       | |  2.7
Crossbows      | |  4.6
Dodging        | |  4.6
Conjurations   | |  0.9
Hexes          | |  5.4
Charms         | |  0.9
Summonings     | |  0.9
Necromancy     | |  0.9
Translocations | |  0.9
Transmutations | |  0.9
Fire Magic     | |  0.9
Ice Magic      | |  0.9
Air Magic      | |  0.9
Earth Magic    | |  0.9
Poison Magic   | |  0.9

Action                   |  1- 3 |  4- 6 || total
-------------------------+-------+-------++-------
Melee: Dagger            |   122 |    17 ||   139
       Unarmed           |     4 |       ||     4
       Bite              |    13 |     1 ||    14
 Fire: Hand crossbow     |     6 |       ||     6
  Use: Scroll            |     5 |       ||     5
 Stab: Sleeping          |     2 |       ||     2
  Eat: Chunk             |     7 |       ||     7
Armor: Leather armour    |    22 |     8 ||    30
Dodge: Dodged            |   103 |    20 ||   123

Table legend:
 A = Non-vault XP
 B = Vault XP
 C = Vault XP percentage of total XP
 D = Non-vault monster count
 E = Vault monster count
 F = Vault count percentage of total count
                 A         B        C        D         E       F
            +---------+---------+-------+---------+---------+-------
      Total |     116 |       5 |   4.1 |      41 |       4 |   8.9
            +---------+---------+-------+---------+---------+-------
        D:1 |      35 |       5 |  12.5 |      21 |       4 |  16.0
        D:2 |      22 |       0 |   0.0 |      13 |       0 |   0.0
        D:3 |      59 |       0 |   0.0 |       7 |       0 |   0.0
            +---------+---------+-------+---------+---------+-------
